 Dungeon Crawl Stone Soup version 0.17.1-3-g152610e (webtiles) character file.

68 ololoev the Cudgeler (level 4, 0/35 HPs)
             Began as a Mummy Chaos Knight on May 4, 2016.
             Slain by a gnoll
             ... wielding a +0 spear
              (3 damage)
             ... on level 2 of the Dungeon.
             The game lasted 00:03:28 (1347 turns).

ololoev the Cudgeler (Mummy Chaos Knight)           Turns: 1347, Time: 00:03:28

Health: 0/35       AC: 11    Str: 16    XL:     4   Next: 1%
Magic:  4/4        EV: 11    Int: 11    God:    Xom [*.....]
Gold:   50         SH:  0    Dex: 11    Spells: 0 memorised, 3 levels left

rFire  x . .     SeeInvis +     a - +0 mace (chaos)
rCold  + . .     Clarity  .     b - +2 leather armour
rNeg   + + +     SustAt   .     (no shield)
rPois  ∞         Gourm    .     (no helmet)
rElec  .         Spirit   .     (no cloak)
rCorr  .         Warding  .     (no gloves)
rMut   .         Stasis   .     (no boots)
MR     .....                    (no amulet)
Stlth  +.........               i - ring of see invisible
                                f - +6 ring of protection

@: not resistant to hostile enchantments, very unstealthy
A: no food or potions, fire vulnerability, cold resistance 1, negative energy
resistance 3, torment resistance, unbreathing
a: Renounce Religion


Innate Abilities, Weirdness & Mutations

You do not eat or drink.
Your flesh is vulnerable to fire.
You are immune to poison.
Your flesh is cold resistant.
You are immune to negative energy.
You are immune to unholy pain and torment.
You can survive without breathing.

Inventory:

Hand Weapons
 a - a +0 mace of chaos (weapon)
Armour
 b - a +2 leather armour (worn)
Jewellery
 f - a +6 ring of protection (left hand)
 i - a ring of see invisible (right hand)
Scrolls
 c - a scroll of identify {unknown}
 d - a scroll of teleportation {unknown}
 g - a scroll of fear {unknown}
 h - a scroll of enchant armour {unknown}


   Skills:
 - Level 3.0 Fighting
 * Level 3.6 Maces & Flails
 + Level 2.2 Armour
 - Level 0.7 Dodging


You had 3 spell levels left.
You didn't know any spells.


You were on level 2 of the Dungeon.
You worshipped Xom.
You were a special plaything of Xom.
You were not hungry.

You visited 1 branch of the dungeon, and saw 2 of its levels.

You collected 50 gold pieces.

### ###
#.#################.#
#........g....#.@gg.#
#.###########.#####.#
#.# #g# #†# #.# #g#
#.# #g# #.# #g# #>#
#.#####.# #.#
#.......# #.#
############# #.#
#...........#

Notes
Turn   | Place    | Note
--------------------------------------------------------------
     0 | D:1      | ololoev the Mummy Chaos Knight began the quest for the Orb.
     0 | D:1      | Reached XP level 1. HP: 18/18 MP: 1/1
   152 | D:1      | XOM: potion effect (invisibility)
   190 | D:1      | XOM: silly message
   366 | D:1      | Reached XP level 2. HP: 24/24 MP: 2/2
   392 | D:1      | XOM: harmless Conj miscast
   416 | D:1      | XOM: noise
   494 | D:1      | XOM: mild Erth miscast
   668 | D:2      | XOM: mild Fire miscast
   940 | D:2      | XOM: 2-stop teleportation journey
   968 | D:2      | Reached XP level 3. HP: 29/29 MP: 3/3
  1214 | D:2      | XOM: harmless Divn miscast
  1271 | D:2      | Reached XP level 4. HP: 32/35 MP: 4/4
  1289 | D:2      | XOM: harmless Summ miscast
  1347 | D:2      | Slain by a gnoll

Dungeon Overview and Level Annotations

Branches:
Dungeon (2/15)

Altars:


Message History

You struggle against the net.
You try to slip out of the net.
You shred the net and break free!
The gnoll hits you from afar with a halberd.
There is an open door here.
There is an escape hatch in the floor here.
The gnoll closely misses you.
You can't drink.
Unknown command.
You aren't carrying any items that can be evoked.
Unknown command.
The gnoll closely misses you.
You barely miss the gnoll. The gnoll hits you but does no damage.
The gnoll misses you.
The gnoll hits you from afar with a spear!
You hit the gnoll.
The gnoll is lightly wounded.
The gnoll misses you. The gnoll hits you but does no damage.
You closely miss the gnoll.
The gnoll is lightly wounded.
The gnoll misses you.
The gnoll hits you from afar with a spear.
You completely miss the gnoll.
The gnoll is lightly wounded.
The gnoll barely misses you. The gnoll completely misses you.
You barely miss the gnoll.
The gnoll is lightly wounded.
The gnoll barely misses you. x2
You hit the gnoll.
The gnoll is poisoned.
The gnoll is heavily wounded.
The gnoll hits you but does no damage. The gnoll hits you with a halberd!
You hit the gnoll but do no damage.
The gnoll is severely wounded.
The gnoll closely misses you. The gnoll barely misses you.
The gnoll hits you from afar with a spear.
The gnoll closely misses you.
You see here a giant newt corpse.
The gnoll hits you with a halberd!
The gnoll hits you from afar with a spear.
You die...

You could see 2 gnolls.

Vanquished Creatures
  2 adders (D:2)
  A gnoll (D:2)
  An ooze (D:1)
  A giant gecko (D:1)
  2 ball pythons
  3 giant cockroaches (D:1)
  6 goblins
  3 hobgoblins (D:1)
  2 jackals (D:2)
  5 bats
  5 giant newts
  4 kobolds
  3 rats
38 creatures vanquished.

Vanquished Creatures (others)
  A fire vortex (D:2)
1 creature vanquished.

Grand Total: 39 creatures vanquished

Action                   |  1- 3 |  4- 6 || total
-------------------------+-------+-------++-------
Melee: Mace              |   115 |     8 ||   123
  Use: Scroll            |     1 |       ||     1
 Stab: Invisible         |     1 |       ||     1
       Paralysed         |     2 |       ||     2

Vault maps used:
D:1:      eino_arrival_water_star
D:2:      lemuel_doored_altar, minmay_misc_feat_rows
